 Dungeon Crawl Stone Soup version 0.30-a0-652-gcc886f7154 (webtiles) character file.

Game seed: 2453332670988253453

8513 pokeman the Thaumaturge (level 11, -1/64 HPs)
             Began as a Deep Elf Hedge Wizard on Jan 17, 2023.
             Was a Priest of Vehumet.
             Succumbed to Nergalle's poison
             ... on level 9 of the Dungeon.
             The game lasted 00:24:38 (9583 turns).

pokeman the Thaumaturge (Deep Elf Hedge Wizard)     Turns: 9583, Time: 00:24:38

Health: -1/64      AC:  4    Str:  7    XL:     11   Next: 10%
Magic:  40/40      EV: 18    Int: 24    God:    Vehumet [***...]
Gold:   584        SH:  0    Dex: 14    Spells: 25/39 levels left

rFire   . . .      SeeInvis .    L - +1 demon whip (venom)
rCold   . . .      Faith    .    (no shield)
rNeg    . . .      Spirit   .    (no body armour)
rPois   .          Reflect  .    x - +0 helmet
rElec   .          Harm     .    a - +2 cloak
rCorr   .          Rampage  .    (no gloves)
Will    +....                    (no boots)
Stlth   ++                       q - amulet of magic regeneration
HPRegen 0.30/turn                f - +5 ring of evasion
MPRegen 0.67/turn                P - ring of magical power

@: lethally poisoned (-1 -> -5)
A: no striking features
a: Renounce Religion


You were on level 9 of the Dungeon.
You worshipped Vehumet.
Vehumet was most pleased with you.
You visited 2 branches of the dungeon, and saw 11 of its levels.

You collected 584 gold pieces.

Inventory:

Hand Weapons
 L - a +1 demon whip of venom (weapon)
Missiles
 J - 7 curare-tipped darts
Armour
 a - a +2 cloak (worn)
 x - a +0 helmet (worn)
 A - a +2 robe of positive energy
 I - the +0 robe of Context {rElec Stlth+}
   (You found it on level 8 of the Dungeon)

   rElec:     It insulates you from electricity.
   Stlth:     It makes you more stealthy.
 R - a +2 troll leather armour {Snorg}
 S - a +0 kite shield
Jewellery
 f - a +5 ring of evasion (left hand)
 q - an amulet of magic regeneration (around neck)
 w - an amulet of faith
 z - a ring of see invisible
 P - a ring of magical power (right hand)
Wands
 m - a wand of roots (9)
 E - a wand of mindburst (18)
 F - a wand of charming (16)
 K - a wand of digging (9)
 M - a wand of polymorph (2)
 O - a wand of flame (11)
Scrolls
 b - a scroll of noise {unknown}
 c - a scroll of torment {unknown}
 g - 17 scrolls of identify {unknown}
 i - 2 scrolls of enchant weapon {unknown}
 j - 2 scrolls of teleportation {unknown}
 k - a scroll of fear {unknown}
 l - a scroll of fog {unknown}
 p - 2 scrolls of amnesia {unknown}
 s - 2 scrolls of brand weapon {unknown}
 v - a scroll of immolation {unknown}
 y - a scroll of poison {unknown}
 D - 3 scrolls of blinking {unknown}
 G - a scroll of enchant armour {unknown}
 H - a scroll of magic mapping {unknown}
 Q - a scroll of acquirement {unknown}
Potions
 d - 2 potions of magic
 e - 5 potions of heal wounds {unknown}
 h - 4 potions of curing {unknown}
 n - 5 potions of mutation {unknown}
 o - 2 potions of ambrosia
 r - a potion of lignification {unknown}
 t - a potion of attraction {unknown}
 u - a potion of haste {unknown}
 B - a potion of invisibility {unknown}
 C - a potion of degeneration {unknown}
 N - a potion of resistance {unknown}


   Skills:
 + Level 5.2 Fighting
 - Level 3.2 Armour
 - Level 3.0 Dodging
 - Level 3.1 Stealth
 * Level 14.6 Spellcasting
 + Level 8.5 Conjurations
 + Level 7.7 Summonings
 - Level 1.1 Translocations
 + Level 0.0 Fire Magic
 - Level 1.0 Air Magic
 + Level 0.2 Earth Magic
 - Level 1.0 Poison Magic
 - Level 2.0 Evocations


You had 25 spell levels left.
You knew the following spells:

 Your Spells              Type           Power      Damage    Failure   Level
a - Magic Dart            Conj           100%       1d8       1%          1
b - Mephitic Cloud        Conj/Pois/Air  34%        N/A       1%          3
c - Call Imp              Summ           53%        N/A       1%          2
d - Blink                 Tloc           44%        N/A       3%          2
e - Foxfire               Conj/Fire      100%       2x1d9     1%          1
f - Lee's Rapid Deconstr  Erth           9%         3d7*      21%         5

Your spell library contained the following spells:

 Spells                   Type           Power      Damage    Failure   Level
 Airstrike                Air            11%        2d(2-18)  6%          4
 Momentum Strike          Conj/Tloc      80%        3d10      1%          2
 Slow                     Hex            68%        N/A       3%          1
 Cigotuvi's Dreadful Rot  Necr/Pois/Air  40%        N/A       3%          2
 Lesser Beckoning         Tloc           44%        N/A       3%          2
 Confusing Touch          Hex            17%        N/A       10%         3
 Tukima's Dance           Hex            17%        N/A       10%         3
 Vampiric Draining        Necr           17%        2d7       10%         3
 Passage of Golubria      Tloc           22%        N/A       21%         4
 Yara's Violent Unravell  Hex/Tmut       8%         3d5       24%         5
 Leda's Liquefaction      Hex/Erth       9%         N/A       30%         4
 Cause Fear               Hex            8%         N/A       32%         4
 Statue Form              Tmut/Erth      12%        N/A       99%         6
 Dragon Form              Tmut           8%         N/A       100%        7
 Dragon's Call            Summ           26%        N/A       100%        9


Dungeon Overview and Level Annotations

Branches:
Dungeon (10/15)            Temple (1/1) D:4
   Lair: D:8-11         Orc: D:9-12

Altars:
Ashenzari
Cheibriados
Dithmenos
Elyvilon
Fedhas
Gozag
Hepliaklqana
Kikubaaqudgha
Makhleb
Nemelex Xobeh
Okawaru
Qazlal
Ru
Sif Muna
Trog
Uskayaw
Vehumet
Wu Jian
Xom
Yredelemnul
Zin
The Shining One

Shops:
D:7 (

Annotations:
D:6 Loot behind freezing clouds
D:10 Nergalle


Message History

Unknown command.
Your foxfire dissipates!
* * * LOW HITPOINT WARNING * * *
You feel very sick.
The foxfire hits the spectral orc!
You destroy the spectral orc!
The spectral orc disappears in a puff of smoke!
Nergalle grimaces horribly.
Nergalle gestures at you while chanting.
Orcish apparitions take form around you.
* * * LOW HITPOINT WARNING * * *
You feel very sick.
Casting: Foxfire (safe; 1% risk of failure)
Confirm with . or Enter, or press ? or * to list all spells.
Aiming: Mephitic Cloud (safe; 1% risk of failure)
Press: ? - help, Shift-Dir - straight line, f/p - Nergalle
Aim: Nergalle, wielding a +0 dagger of venom and wearing a +0 robe (heavily wounded, strong, very poisoned, chance to affect: 53%) That beam is likely to hit you.
Continue anyway?
The ball explodes into a vile cloud!
The stinking cloud engulfs Nergalle but does no damage.
Nergalle is heavily wounded.
The stinking cloud engulfs you but does no damage.
The stinking cloud engulfs the spectral orc knight but does no damage. x2
You are engulfed in noxious fumes.
You choke on the stench!
You are confused.
* * * LOW HITPOINT WARNING * * *
You feel very sick.
Nergalle is engulfed in noxious fumes.
Nergalle barely misses you.
The spectral orc knight completely misses you.
Nergalle attacks as you move away! Nergalle misses you.
You feel less confused.
* * * LOW HITPOINT WARNING * * *
You feel sick.
Nergalle is engulfed in noxious fumes.
Nergalle appears confused.
There is a stone staircase leading up here.
* * * LOW HITPOINT WARNING * * *
You feel sick.
Nergalle is engulfed in noxious fumes.
Nergalle appears confused.
You climb upwards.
You die...

..............v......†.......#.#
###..................##.[..[##.#
#.##..###.#.......###....###.#
#.....# #.##.....## #.....##.#
#..#### #.###...## #...#.##.#
#..# #)# ##+## #.###.##.#
#..######.# #.# #........#
#.........# #.# #####.####
##.######## ##@## #.# #.....#
##...## #.# #####.## #.....# #.#
#..)#####...### #.#
#...))........#######.#
#...#########.........# #####
###########


There were no monsters in sight!

Vanquished Creatures
  Snorg (D:10)
  A two-headed ogre (D:9)
  Amaemon (D:8)
  Pikel (D:8)
  Joseph (D:8)
  An orange demon (D:8)
  2 trolls
  A wyvern (D:7)
  4 yaks (D:7)
  A steam dragon (D:7)
  A water moccasin (D:7)
  2 ice beasts
  Duvessa (D:6)
  2 orc warriors
  A sky beast (D:7)
  A black bear (D:6)
  2 ogres (D:5)
  6 centaurs
  A lemure (D:8)
  A phantom (D:7)
  Blork the orc (D:5)
  7 bullfrogs
  A necrophage (D:3)
  5 kobold brigands
  2 scorpions
  2 gnoll sergeants
  4 wights (D:9)
  Dowan (D:6)
  6 killer bees (D:9)
  A howler monkey (D:9)
  9 orc priests
  6 hounds
  3 jellies
  A gnoll bouda (D:7)
  2 iguanas
  7 orc wizards
  13 gnolls
  9 adders
  2 shadow imps
  2 white imps (D:7)
  3 worms
  2 dart slugs
  18 orcs
  4 endoplasms
  6 giant cockroaches
  7 goblins
  13 hobgoblins
  2 jackals (D:3)
  23 kobolds
  4 quokkas
  9 ball pythons
  6 bats
  5 frilled lizards
  A goblin skeleton (D:7)
  A goblin zombie (D:7)
  2 hobgoblin zombies (D:7)
  A kobold skeleton (D:7)
  A kobold zombie (D:7)
  2 orc skeletons (D:7)
  4 rats
230 creatures vanquished.

Vanquished Creatures (collateral kills)
  Edmund (D:5)
  An orc wizard (D:5)
  A worm (D:2)
  A goblin (D:2)
  A foxfire (D:10)
5 creatures vanquished.

Vanquished Creatures (others)
  713 foxfires
  3 fungi (D:6)
716 creatures vanquished.

Grand Total: 951 creatures vanquished

Notes
Turn   | Place    | Note
-------+----------+-------------------------------------------
     0 | D:1      | pokeman the Deep Elf Hedge Wizard began the quest for the
                  | Orb.
     0 | D:1      | Reached XP level 1. HP: 10/10 MP: 7/7
   280 | D:1      | Reached XP level 2. HP: 15/15 MP: 4/9
   697 | D:1      | Reached skill level 5 in Spellcasting
   939 | D:2      | Reached XP level 3. HP: 20/20 MP: 7/11
   946 | D:2      | Learned a level 3 spell: Mephitic Cloud
   949 | D:2      | Learned a level 2 spell: Call Imp
   952 | D:2      | Learned a level 2 spell: Blink
  1401 | D:2      | Reached skill level 1 in Fighting
  1464 | D:2      | Found a sparkling altar of Nemelex Xobeh.
  1541 | D:2      | Reached skill level 1 in Armour
  1875 | D:2      | Reached XP level 4. HP: 25/25 MP: 11/13
  1996 | D:3      | Found an opulent altar of Gozag.
  2050 | D:3      | Identified the +2 cloak "Ibus" {Rampage rElec Regen+ Str-3}
  2137 | D:3      | Noticed a necrophage
  3215 | D:3      | Reached XP level 5. HP: 20/29 MP: 5/15
  3298 | D:3      | Reached skill level 6 in Spellcasting
  3323 | D:3      | Reached skill level 1 in Poison Magic
  3374 | D:3      | Reached skill level 1 in Air Magic
  3621 | D:4      | Reached XP level 6. HP: 34/34 MP: 14/17
  3707 | D:4      | Reached skill level 1 in Evocations
  3728 | D:4      | Found a radiant altar of Vehumet.
  3732 | D:4      | Became a worshipper of Vehumet
  4040 | D:4      | Found a staircase to the Ecumenical Temple.
  4050 | Temple   | Entered the Ecumenical Temple
  4158 | D:5      | Entered Level 5 of the Dungeon
  4164 | D:5      | Reached skill level 7 in Spellcasting
  4182 | D:5      | Reached XP level 7. HP: 37/39 MP: 14/20
  4248 | D:5      | Noticed Edmund
  4261 | D:5      | Killed Edmund
  4262 | D:5      | Reached skill level 8 in Spellcasting
  4777 | D:6      | Noticed Blork the orc
  4793 | D:5      | Killed Blork the orc
  4927 | D:5      | Reached * piety under Vehumet
  4927 | D:5      | Offered knowledge of Foxfire by Vehumet.
  4956 | D:5      | Learned a level 1 spell: Foxfire
  4962 | D:6      | Reached XP level 8. HP: 26/44 MP: 19/22
  5066 | D:6      | Reached skill level 9 in Spellcasting
  5371 | D:6      | Reached skill level 5 in Conjurations
  5407 | D:6      | Noticed Duvessa
  5409 | D:6      | Noticed Dowan
  5417 | D:6      | Killed Dowan
  5425 | D:6      | Reached skill level 10 in Spellcasting
  5432 | D:6      | Killed Duvessa
  5774 | D:7      | Reached XP level 9. HP: 48/48 MP: 23/25
  5904 | D:7      | Reached skill level 11 in Spellcasting
  5944 | D:7      | Found a glowing golden altar of the Shining One.
  5966 | D:7      | Offered knowledge of Sandblast by Vehumet.
  6033 | D:7      | Reached skill level 5 in Summonings
  6181 | D:7      | Found Amuimar's Weapon Shop.
  6251 | D:7      | Reached ** piety under Vehumet
  6355 | D:7      | Reached skill level 12 in Spellcasting
  6416 | D:7      | Found a snail-covered altar of Cheibriados.
  6852 | D:8      | Identified the +0 robe of Context {rElec Stlth+}
  7056 | D:8      | Noticed an orange demon
  7059 | D:8      | Noticed Amaemon
  7070 | D:8      | Killed an orange demon
  7071 | D:8      | Reached XP level 10. HP: 56/56 MP: 28/28
  7082 | D:8      | Noticed Pikel
  7104 | D:8      | Killed Amaemon
  7118 | D:8      | Killed Pikel
  7119 | D:8      | Reached skill level 13 in Spellcasting
  7246 | D:8      | Noticed Joseph
  7254 | D:8      | Offered knowledge of Frozen Ramparts by Vehumet.
  7271 | D:8      | Killed Joseph
  8181 | D:9      | Noticed a two-headed ogre
  8209 | D:9      | Killed a two-headed ogre
  8688 | D:9      | Reached skill level 14 in Spellcasting
  8698 | D:9      | Reached *** piety under Vehumet
  9044 | D:9      | Identified the +1 scale mail of Bedevilment {Regen+}
  9166 | D:9      | Reached skill level 5 in Fighting
  9187 | D:9      | Offered knowledge of Airstrike by Vehumet.
  9255 | D:10     | Entered Level 10 of the Dungeon
  9349 | D:10     | Noticed Snorg
  9387 | D:10     | Killed Snorg
  9388 | D:10     | Reached XP level 11. HP: 56/63 MP: 31/31
  9423 | D:10     | Learned a level 5 spell: Lee's Rapid Deconstruction
  9559 | D:10     | Noticed Nergalle
  9581 | D:10     | HP: 3/64 [poisoned by Nergalle]
  9582 | D:10     | HP: 1/64 [poisoned by Nergalle]
  9583 | D:9      | Succumbed to Nergalle's poison

Illustrated notes

Levels and vault maps discovered:
D:1:      scummos_arrival_star, layout_rooms, minmay_split_cup_small
D:2:      layout_basic, basic_altar, minmay_pentomino_w4
D:3:      minmay_razor_zed, layout_basic, grunt_gozag_statues, minivault_27,
          serial_bayou_lagoon_b
D:4:      layout_basic, vehumet_crystals, minmay_temple_entry_crystal_x
D:5:      layout_rooms, kennysheep_generic_room_11, uniq_edmund
D:6:      lemuel_ice_spiral_2, layout_rooms, kennysheep_cross_bottleneck,
          dreamdust_mushroom_princess, minmay_unpleasant_kobolds, uniq_duvessa,
          uniq_blork_the_orc
D:7:      layout_layer_cave, overflow_temple_1_default,
          nicolae_tso_besieged_by_evil, serial_shops, shop,
          serial_park_tiny_pond, hangedman_decor_points
D:8:      layout_basic, due_unseen_surprise, uniq_joseph, uniq_amaemon,
          uniq_pikel
D:9:      layout_loops_corners, blue_anna_alchemist
D:10:     layout_basic, erik_orc_1, minivault_22, uniq_nergalle, uniq_sonja,
          uniq_snorg
Temple:   dpeg_three_leaves_temple

Skill      XL: |  1  2  3  4  5  6  7  8  9 10 |
---------------+-------------------------------+-----
Spellcasting   | 5 6 7 8 10 12 14 | 14.6
Fighting       | 1 2 3 5 |  5.2
Armour         | 1 3 |  3.2
Conjurations   | 2 3 4 5 7 8 |  8.5
Dodging        | 3 |  3.0
Stealth        | 3 |  3.1
Poison Magic   | 1 |  1.0
Air Magic      | 1 |  1.0
Evocations     | 2 |  2.0
Summonings     | 2 4 6 7 |  7.7
Translocations | |  1.1
Earth Magic    | |  0.2

Action                   |  1- 3 |  4- 6 |  7- 9 | 10-12 || total
-------------------------+-------+-------+-------+-------++-------
Melee: Dagger            |    12 |       |       |       ||    12
       Punch             |     1 |       |       |       ||     1
       Short sword       |     6 |    22 |    73 |     1 ||   102
       Demon whip        |       |       |       |    44 ||    44
 Cast: Magic Dart        |   106 |   132 |    46 |     4 ||   288
       Call Imp          |     2 |     1 |     3 |     2 ||     8
       Mephitic Cloud    |     1 |     3 |    15 |    30 ||    49
       Foxfire           |       |       |   211 |   188 ||   399
       Blink             |       |       |       |     3 ||     3
Evoke: Wand              |       |       |       |     1 ||     1
 Stab: Confused          |     1 |     2 |     5 |     3 ||    11
Armor: Robe              |     1 |    12 |    22 |     9 ||    44
       Skin              |       |       |       |     3 ||     3
Dodge: Dodged            |    27 |    39 |    94 |    68 ||   228

Table legend: (Time is in decaauts)
 A = Elapsed time spent in this place.
 B = Non-inter-level travel time spent in this place.
 C = Inter-level travel time spent in this place.
 D = Time resting spent in this place.
 E = Time spent auto-exploring this place.
 F = Levels seen in this place.
 G = Mean time per level.
                   A        B        C        D        E       F      G
               +--------+--------+--------+--------+--------+-----+--------+
         Total |   9600 |   9311 |    289 |    187 |   7350 |  11 |  872.7 |
       Dungeon |   9520 |   9245 |    275 |    187 |   7294 |  10 |  952.0 |
        Temple |     79 |     65 |     14 |      0 |     56 |   1 |   79.0 |
               +--------+--------+--------+--------+--------+-----+--------+

Top non-repeatable levels by time:
     D:3: 1553 daAuts
     D:9: 1313 daAuts
     D:8: 1155 daAuts
     D:2: 1053 daAuts
     D:7: 1048 daAuts
     D:1: 926 daAuts
     D:6: 795 daAuts
     D:5: 787 daAuts
     D:4: 558 daAuts
    D:10: 328 daAuts
  Temple: 79 daAuts
